 Dungeon Crawl Stone Soup version 0.32-a0-85-g672eff3212 (webtiles) character file.

Game seed: 12222998791669395141

582 senseless the Ruffian (level 7, -2/88 HPs)
             Began as a Red Draconian Shapeshifter on Feb 5, 2024.
             Slain by Pikel
             ... wielding a +1 whip of electrocution
              (18 damage)
             ... on level 4 of the Dungeon.
             The game lasted 00:07:23 (3018 turns).

senseless the Ruffian (Red Draconian Shapeshifter)  Turns: 3018, Time: 00:07:24

Health: -2/88      AC: 23    Str: 18    XL:     7   Next: 14%
Magic:  7/7        EV:  2    Int: 11    God:
Gold:   86         SH:  0    Dex: 10    Spells: 6/6 levels left

rFire   . .          .
                       - Unarmed
rCold   . . .        (no shield)
rNeg    . . .        (body armour unavailable)
rPois   +            (helmet currently unavailable)
rElec   .            (cloak currently unavailable)
rCorr   .            (gloves currently unavailable)
SInv    .            (boots currently unavailable)
Will    .....        (no amulet)
Stlth   +            (no ring)
HPRegen 0.34/turn    (no ring)
MPRegen 0.10/turn

%: no passive effects
@: tree-form, hasted, very quick
A: stationary, stasis, torment immunity, boosted hp, (breathe fire), AC +6,
unfitting armour, (fire resistance 1), (cold-blooded)
a: no special abilities


You were on level 4 of the Dungeon.
You were a tree.
You visited 1 branch of the dungeon, and saw 4 of its levels.

You collected 212 gold pieces.
You spent 126 gold pieces at shops.

Inventory:

Hand Weapons
 r - a +2 dagger of draining
Missiles
 o - 3 javelins
 y - 2 throwing nets
Talismans
 b - a beast talisman
 c - a flux talisman
Wands
 u - a wand of mindburst (7) (quivered)
 w - a wand of paralysis (13)
Scrolls
 g - 2 scrolls of fear {unknown}
 h - a scroll of revelation {unknown}
 i - 2 scrolls of identify {unknown}
 m - 2 scrolls of fog
 p - 2 scrolls of enchant weapon
 q - a scroll of amnesia {unknown}
 t - a scroll of blinking {unknown}
 v - a scroll of poison {unknown}
 x - a scroll of enchant armour {unknown}
 z - a scroll of teleportation {unknown}
Potions
 a - a potion of lignification
 d - a potion of curing
 e - a potion of attraction {unknown}
 f - a potion of brilliance {unknown}
 j - a potion of heal wounds {unknown}
 k - a potion of degeneration {unknown}
 l - a potion of haste
 n - a potion of enlightenment {unknown}
 A - a potion of might {unknown}
 B - a potion of mutation {unknown}


   Skills:
 + Level 4.1 Fighting
 + Level 3.9 Dodging
 + Level 4.8 Unarmed Combat
 + Level 4.5 Shapeshifting


You had 6 spell levels left.
You didn't know any spells.
Your spell library contained the following spells:

 Spells                   Type           Power      Damage    Failure   Level
 Necrotise                Necr           0%         1d4       34%         1
 Vampiric Draining        Necr           0%         2d6       71%         3
 Leda's Liquefaction      Alch/Erth      0%         N/A       98%         4
 Martyr's Knell           Necr/Summ      0%         N/A       98%         4
 Curse of Agony           Necr           0%         N/A       100%        5
 Lee's Rapid Deconstruct  Erth           0%         3d4*      100%        5
 Bombard                  Conj/Erth      0%         9d1       100%        6


Dungeon Overview and Level Annotations

Branches:
Dungeon (4/15)
 Temple: D:4-7

Altars:

Shops:
D:2 !([?[   D:4 [

Annotations:
D:4 Grinder, Pikel


Innate Abilities, Weirdness & Mutations

You are a tree.
Your roots penetrate the ground, keeping you stationary.
You cannot be teleported.
You are immune to unholy pain and torment.
Your maximum health is greatly increased.
Your equipment is partially melded.
((You can breathe blasts of fire.))
((Your fiery red scales are hard. (AC +6)))
You cannot fit into any form of body armour.
((Your flesh is heat resistant. (rF+)))
((You are cold-blooded and may be slowed by cold attacks.))


Message History

You barely miss Pikel.
Pikel is lightly wounded.
Pikel hits you with a +1 whip of electrocution.
Grinder says, "There's only one good use for a tongue: cutting it out."
There is an open door here.
You see here a poisoned dart.
You see here a +0 giant club.
There is an open door here.
Pikel attacks as he pursues you!
Pikel hits you with a +1 whip of electrocution!
You punch Pikel!
Pikel is moderately wounded.
Pikel hits you with a +1 whip of electrocution.
You are electrocuted!
You hit Pikel.
Pikel is moderately wounded.
Pikel hits you with a +1 whip of electrocution.
You punch Pikel!
Pikel is heavily wounded.
Pikel hits you with a +1 whip of electrocution!
* * * LOW HITPOINT WARNING * * *
Okay, then.
Your transformation has ended.
You turn into a tree.
Your roots penetrate the ground.
Pikel hits you with a +1 whip of electrocution.
* * * LOW HITPOINT WARNING * * *
You are electrocuted!
* * * LOW HITPOINT WARNING * * *
You hit Pikel but do no damage.
Pikel is heavily wounded.
It was a potion of curing.
You feel better. Pikel hits you but does no damage.
It was a potion of haste.
You feel yourself speed up.
You have got your breath back.
Pikel hits you but does no damage.
Sorry, you're not good enough to have a special ability.
You hit Pikel but do no damage.
Pikel is heavily wounded.
Pikel hits you but does no damage.
You are electrocuted!!
You die...
Pikel says, "Another soul for the market."

........# #....### ........#
#####.##...#
........###...#.##...#
..........#.#∩#.##...#
..........#.###)##...#
..........#..(..##...#
..........#####.##...#
######..).#####(##...#
.....+.....(.'..♣K5..#
#.####.......#####5..#
#.)###.........# ##(##
##...#.........####.(#######
####.................((.5...
# #####.......#####5########
# #.......# #...<......# #
###########.....)....# #
#...........#


You could see Pikel, Grinder and a lemure.

Vanquished Creatures
  Sigmund (D:4)
  A black bear (D:3)
  An ogre (D:4)
  A scorpion (D:4)
  A bombardier beetle (D:4)
  A jelly (D:3)
  4 gnolls (D:2)
  An adder (D:2)
  A dart slug (D:1)
  A ribbon worm (D:2)
  5 ball pythons
  6 endoplasms
  A giant cockroach (D:1)
  9 hobgoblins
  2 jackals (D:4)
  6 bats
  4 frilled lizards
  8 goblins
  10 kobolds
  4 rats
68 creatures vanquished.

Notes
Turn   | Place    | Note
-------+----------+-------------------------------------------
     0 | D:1      | senseless the Draconian Shapeshifter began the quest for
                  | the Orb.
     0 | D:1      | Reached XP level 1. HP: 16/16 MP: 1/1
   113 | D:1      | Reached XP level 2. HP: 21/23 MP: 2/2
   692 | D:1      | Reached XP level 3. HP: 25/29 MP: 3/3
  1452 | D:2      | Found Zatyng's Antique Armour Shoppe.
  1510 | D:2      | Reached XP level 4. HP: 36/36 MP: 4/4
  1539 | D:2      | Found Cumoff's Magic Scroll Boutique.
  1553 | D:2      | Bought a scroll of fog for 44 gold pieces
  1553 | D:2      | Bought a scroll of enchant weapon for 82 gold pieces
  1717 | D:2      | Found Heedoumo's Armour Shop.
  1741 | D:2      | Found Ykhuoxkeppe's Distillery.
  1907 | D:2      | Found Xefarpho's Antique Weapon Emporium.
  2134 | D:3      | Noticed a black bear
  2144 | D:3      | Killed a black bear
  2145 | D:3      | Reached XP level 5. HP: 44/45 MP: 5/5
  2834 | D:4      | Noticed Sigmund
  2838 | D:4      | Killed Sigmund
  2839 | D:4      | Reached XP level 6. HP: 45/52 MP: 6/6
  2979 | D:4      | Found Asiyn's Armour Shoppe.
  3000 | D:4      | Your scales start taking on a fiery red colour.
  3000 | D:4      | Reached XP level 7. HP: 59/59 MP: 7/7
  3000 | D:4      | Gained mutation: Your flesh is heat resistant. (rF+) [Red
                  | Draconian growth]
  3000 | D:4      | Noticed Pikel
  3003 | D:4      | Noticed Grinder
  3018 | D:4      | Slain by Pikel

Illustrated notes

Levels and vault maps discovered:
D:1:      erik_arrival_cave_to_civilisation [erik_arrival_cave_to_hall],
          layout_basic
D:2:      layout_basic, serial_shops, nicolae_shop_stone,
          nicolae_shop_peninsula, shop, shop, shop, chequers_jeans,
          serial_bayou_ford_a, minmay_crystal_room, interstate_on_off
D:3:      layout_basic
D:4:      layout_basic, serial_shops, nicolae_shop_back_alley_shop, uniq_pikel,
          uniq_sigmund, uniq_grinder

Skill      XL: |  1  2  3  4  5  6 |
---------------+-------------------+-----
Dodging        | 2 3 |  3.9
Fighting       | 2 3 4 |  4.1
Unarmed Combat | 4 |  4.8
Shapeshifting  | 4 |  4.5

Action                     |  1- 3 |  4- 6 |  7- 9 || total
---------------------------+-------+-------+-------++-------
  Melee: Unarmed           |    99 |    69 |     8 ||   176
         Tailslap          |    13 |    10 |     1 ||    24
         Punch             |     5 |     5 |     1 ||    11
  Throw: Javelin           |       |     7 |       ||     7
         Throwing net      |       |     1 |       ||     1
         Dart              |       |     8 |       ||     8
Ability: Breathe Fire      |       |       |     1 ||     1
  Evoke: Wand              |       |     1 |       ||     1
    Use: Potion            |       |       |     3 ||     3
   Stab: Sleeping          |     1 |     1 |       ||     2
 Armour: Skin              |    67 |    26 |    10 ||   103
  Dodge: Dodged            |    49 |    35 |     1 ||    85

Table legend: (Time is in decaauts)
 A = Elapsed time spent in this place.
 B = Non-inter-level travel time spent in this place.
 C = Inter-level travel time spent in this place.
 D = Time resting spent in this place.
 E = Time spent auto-exploring this place.
 F = Levels seen in this place.
 G = Mean time per level.
                   A        B        C        D        E       F      G
               +--------+--------+--------+--------+--------+-----+--------+
         Total |   3022 |   2844 |    178 |      0 |   2391 |   4 |  755.5 |
       Dungeon |   3022 |   2844 |    178 |      0 |   2391 |   4 |  755.5 |
               +--------+--------+--------+--------+--------+-----+--------+

Top non-repeatable levels by time:
     D:1: 1230 daAuts
     D:2: 814 daAuts
     D:3: 632 daAuts
     D:4: 345 daAuts
